 Dungeon Crawl Stone Soup version 0.19-a0-944-gb338e1e (webtiles) character file.

314 FitzyFitz the Slasher (level 6, 0/51 HPs)
             Began as a Minotaur Gladiator on July 8, 2016.
             Slain by a hound (1 damage)
             ... on level 4 of the Dungeon.
             The game lasted 00:06:42 (2669 turns).

FitzyFitz the Slasher (Minotaur Gladiator)          Turns: 2669, Time: 00:06:43

Health: 0/51       AC:  5    Str: 20    XL:     6   Next: 19%
Magic:  5/5        EV: 19    Int:  5    God:
Gold:   178        SH:  0    Dex: 17    Spells: 0 memorised, 5 levels left

rFire  . . .     SeeInvis .     a - +0 long sword
rCold  . . .     Gourm    .     b - +0 leather armour
rNeg   . . .     Faith    .     (no shield)
rPois  .         Spirit   .     c - +0 hat
rElec  .         Dismiss  .     A - +1 cloak
rCorr  .         Reflect  .     (no gloves)
SustAt .         Harm     .     (no boots)
MR     .....                    (no amulet)
Stlth  ++........               (no ring)
                                (no ring)

@: agile, flying, not resistant to hostile enchantments, unstealthy
A: retaliatory headbutt, horns 2
a: no special abilities


You were on level 4 of the Dungeon.
You were hungry.

You visited 1 branch of the dungeon, and saw 4 of its levels.

You collected 178 gold pieces.

Inventory:

Hand Weapons
 a - a +0 long sword (weapon)
 o - a +0 hunting sling
Missiles
 d - 4 throwing nets (quivered)
 k - 87 stones
 s - 3 javelins
 D - 12 sling bullets
Armour
 b - a +0 leather armour (worn)
 c - a +0 hat (worn)
 A - a +1 cloak (worn)
 B - a cursed +0 ring mail
 I - a +0 shield
Magical Staves
 y - an uncursed staff of earth {unknown}
Jewellery
 r - an uncursed ring of fire
Scrolls
 e - 4 scrolls of remove curse {unknown}
 i - a scroll of teleportation {unknown}
 j - a scroll of fear {unknown}
 m - 2 scrolls of enchant armour {unknown}
 p - a scroll of amnesia {unknown}
 q - a scroll of noise {unknown}
 t - 3 scrolls of identify
 u - a scroll of random uselessness {unknown}
 v - a scroll of recharging {unknown}
 x - a scroll of fog {unknown}
 C - 3 scrolls of immolation {unknown}
 G - 2 scrolls of blinking {unknown}
Potions
 n - 2 potions of flight
 z - a potion of cancellation
 F - a potion of invisibility
 H - a potion of degeneration {unknown}
Comestibles
 f - 3 bread rations
 g - a beef jerky
 h - 2 slices of pizza
 w - 4 fruits
 E - 2 chunks of flesh


   Skills:
 + Level 3.2 Fighting
 + Level 7.4 Long Blades
 - Level 2.0 Throwing
 + Level 2.1 Armour
 + Level 3.8 Dodging


You had 5 spell levels left.
You didn't know any spells.

Dungeon Overview and Level Annotations

Branches:
Dungeon (4/15)
 Temple: D:4-7

Altars:


Innate Abilities, Weirdness & Mutations

You reflexively headbutt those who attack you in melee.
You have a pair of horns on your head.


Message History

You are too injured to fight recklessly!
The orc hits you but does no damage.
The orc throws a tomahawk.
The tomahawk misses you.
You hit the orc. You headbutt the orc.
You kill the orc!
The orc hits you but does no damage.
The orc throws a tomahawk.
The tomahawk completely misses you.
You slash the orc!
You kill the orc!
You hit the orc.
The orc is heavily wounded.
The orc hits you but does no damage.
You slash the orc!
You kill the orc!
You hit the hound but do no damage. The hound bites you.
* * * LOW HITPOINT WARNING * * *
The hound bites you.
* * * LOW HITPOINT WARNING * * *
You miss the hound. Your headbutt misses the hound. The hound bites you.
You die...

#.# #.#
###.###.#
#.......#
###.#.#####
#.....#
##..### #..#
#.@# ###
#(h###....#
#)[l).....#
###)###....#
#....o......
#######o...#
..# #


You could see a hound and a giant newt.

Vanquished Creatures
  A vampire bat (D:3)
  An orc wizard (D:4)
  An orc priest (D:4)
  An iguana (D:3)
  4 gnolls
  3 adders
  An ooze (D:2)
  2 worms
  5 dart slugs
  4 giant geckos
  4 orcs
  17 bats
  6 giant cockroaches
  5 goblins
  10 hobgoblins
  11 jackals
  3 giant newts
  9 kobolds
  7 rats
95 creatures vanquished.

Notes
Turn   | Place    | Note
-------+----------+-------------------------------------------
     0 | D:1      | FitzyFitz the Minotaur Gladiator began the quest for the Orb.
     0 | D:1      | Reached XP level 1. HP: 18/18 MP: 0/0
    43 | D:1      | Reached skill level 4 in Long Blades
    66 | D:1      | Reached XP level 2. HP: 25/25 MP: 1/1
   192 | D:1      | Reached skill level 5 in Long Blades
   224 | D:1      | Reached XP level 3. HP: 28/30 MP: 2/2
  1005 | D:1      | Reached XP level 4. HP: 18/37 MP: 3/3
  1013 | D:1      | Reached skill level 6 in Long Blades
  1800 | D:2      | Reached XP level 5. HP: 38/42 MP: 4/4
  2052 | D:3      | Reached skill level 7 in Long Blades
  2265 | D:3      | Reached skill level 1 in Armour
  2660 | D:4      | Reached XP level 6. HP: 5/51 MP: 5/5
  2667 | D:4      | HP: 2/51 [hound (4)]
  2669 | D:4      | Slain by a hound

Vault maps used:
D:1:      minmay_arrival_nine_rooms
D:2:      first_bread
D:3:      roderic_batcave
D:4:      portal_sewer_entry_d

Skill      XL: |  1  2  3  4  5  6 |
---------------+-------------------+-----
Long Blades    | 4 5 6 7 |  7.4
Armour         | 1 2 |  2.1
Fighting       | 3 |  3.2
Throwing       | |  2.0
Dodging        | |  3.8

Action                   |  1- 3 |  4- 6 || total
-------------------------+-------+-------++-------
Melee: Long sword        |    82 |   109 ||   191
       Headbutt          |    14 |    13 ||    27
  Use: Scroll            |       |     3 ||     3
       Potion            |       |     2 ||     2
 Stab: Sleeping          |       |     1 ||     1
  Eat: Chunk             |       |     5 ||     5
Armor: Leather armour    |    21 |    32 ||    53
Dodge: Dodged            |    56 |    87 ||   143
